TOP OF THE 1ST |
St Charles Sheens batting - Pitching for Springfield Stars : RHP Rien Middelkamp
|
Pitching: RHP Rien Middelkamp
|
|
Batting: RHB Miguel Palácios
|
0-0: Called Strike 0-1: Ball 1-1: Called Strike 1-2: Ground out 1-3 (Groundball, 13)
|
Batting: RHB Jesús Hernández
|
0-0: Foul Ball, location: 2F 0-1: Ground out U3 (Groundball, 3L)
|
Batting: RHB Ramón Molina
|
0-0: Ball 1-0: Ball 2-0: Called Strike 2-1: Foul Ball, location: 2F 2-2: Ball 3-2: Foul Ball, location: 2F 3-2: SINGLE (Groundball, 56D)
|
Batting: RHB Shawn Gutiérrez
|
0-0: Called Strike 0-1: Ball 1-1: Ball 2-1: Ball 3-1: Base on Balls Ramón Molina to second
|
Batting: LHB Juan Jose Rojas
|
0-0: Ball 1-0: Swinging Strike 1-1: Ball 2-1: SINGLE (Groundball, 34D) Ramón Molina to third Shawn Gutiérrez to second Runner from 3rd tries for Home, SAFE, no throw
|
Batting: RHB Víctor Arredondo
|
0-0: Ball 1-0: Ball 2-0: Ball 3-0: Called Strike 3-1: Fielders Choice at 2nd, 6-4 (Groundball, 6)
|
Top of the 1st over - 1 run, 2 hits, 0 errors, 2 left on base; St Charles 1 - Springfield 0 |
BOTTOM OF THE 1ST |
Springfield Stars batting - Pitching for St Charles Sheens : RHP Jesús Andrade
|
Pitching: RHP Jesús Andrade
|
|
Batting: SHB António De La Cruz
|
0-0: Ball 1-0: Called Strike 1-1: Ball 2-1: Fly out, F9 (Flyball, 89M)
|
Batting: LHB Jesús Tobías
|
0-0: Foul Ball, location: 2F 0-1: Called Strike 0-2: Ball 1-2: Ball 2-2: Ground out U3 (Groundball, 34)
|
Batting: LHB Derek Davidson
|
0-0: Swinging Strike 0-1: Foul Ball, location: 2F 0-2: Strikes out looking
|
Bottom of the 1st over - 0 runs, 0 hits, 0 errors, 0 left on base; St Charles 1 - Springfield 0 |
TOP OF THE 2ND |
St Charles Sheens batting - Pitching for Springfield Stars : RHP Rien Middelkamp
|
Batting: RHB Sergio Pujols
|
0-0: Ball 1-0: Ball 2-0: Called Strike 2-1: Called Strike 2-2: Foul Ball, location: 2F 2-2: Foul Ball, location: 2F 2-2: Strikes out swinging
|
Batting: RHB Lúcio Alfaro
|
0-0: Called Strike 0-1: Swinging Strike 0-2: Foul Ball, location: 2F 0-2: Strikes out looking
|
Batting: RHB Salvador Rodríguez
|
0-0: Ball 1-0: Fly out, F8 (Flyball, 78D)
|
Top of the 2nd over - 0 runs, 0 hits, 0 errors, 0 left on base; St Charles 1 - Springfield 0 |
BOTTOM OF THE 2ND |
Springfield Stars batting - Pitching for St Charles Sheens : RHP Jesús Andrade
|
Batting: LHB Elliott Newell
|
0-0: Called Strike 0-1: Ball 1-1: Foul Ball, location: 2F 1-2: Ball 2-2: Ground out U3 (Groundball, 3)
|
Batting: RHB Norberto Taváres
|
0-0: Ball 1-0: Called Strike 1-1: Foul Ball, location: 2F 1-2: Ground out 6-3 (Groundball, 6)
|
Batting: RHB Juan Carlos Rodríguez
|
0-0: Ball 1-0: Foul Ball, location: 2F 1-1: Reached on error, E5 (Groundball, 56S)
|
Batting: LHB Will Hill
|
0-0: Ball 1-0: Ball 2-0: 2-RUN HOME RUN (Flyball, 7D), Distance : 399 ft
|
Batting: RHB Gabriel Erwin
|
0-0: Swinging Strike 0-1: Ball 1-1: Ball 2-1: Foul Ball, location: 2F 2-2: Ground out 5-3 (Groundball, 56)
|
Bottom of the 2nd over - 2 runs, 1 hit, 1 error, 0 left on base; St Charles 1 - Springfield 2 |
TOP OF THE 3RD |
St Charles Sheens batting - Pitching for Springfield Stars : RHP Rien Middelkamp
|
Batting: RHB Miguel Palácios
|
0-0: Called Strike 0-1: Called Strike 0-2: Ball 1-2: Ground out 5-3 (Groundball, 56)
|
Batting: RHB Jesús Hernández
|
0-0: Called Strike 0-1: Foul Ball, location: 2F 0-2: Strikes out looking
|
Batting: RHB Ramón Molina
|
0-0: Called Strike 0-1: Ball 1-1: Foul Ball, location: 2F 1-2: Foul Ball, location: 2F 1-2: Ball 2-2: Foul Ball, location: 2F 2-2: Strikes out swinging
|
Top of the 3rd over - 0 runs, 0 hits, 0 errors, 0 left on base; St Charles 1 - Springfield 2 |
BOTTOM OF THE 3RD |
Springfield Stars batting - Pitching for St Charles Sheens : RHP Jesús Andrade
|
Batting: RHB Dave Henderson
|
0-0: Ground out 5-3 (Groundball, 5)
|
Batting: SHB António De La Cruz
|
0-0: Ball 1-0: Foul Ball, location: 2F 1-1: Foul Ball, location: 2F 1-2: Ball 2-2: Strikes out looking
|
Batting: LHB Jesús Tobías
|
0-0: Foul Ball, location: 2F 0-1: Ball 1-1: Foul Ball, location: 2F 1-2: Strikes out swinging
|
Bottom of the 3rd over - 0 runs, 0 hits, 0 errors, 0 left on base; St Charles 1 - Springfield 2 |
TOP OF THE 4TH |
St Charles Sheens batting - Pitching for Springfield Stars : RHP Rien Middelkamp
|
Batting: RHB Shawn Gutiérrez
|
0-0: Fly out, F6 (Popup, 6MS)
|
Batting: LHB Juan Jose Rojas
|
0-0: Called Strike 0-1: Ball 1-1: Ball 2-1: Ball 3-1: Swinging Strike 3-2: Strikes out looking
|
Batting: RHB Víctor Arredondo
|
0-0: Called Strike 0-1: Ball 1-1: Swinging Strike 1-2: Ball 2-2: Ground out 5-3 (Groundball, 56)
|
Top of the 4th over - 0 runs, 0 hits, 0 errors, 0 left on base; St Charles 1 - Springfield 2 |
BOTTOM OF THE 4TH |
Springfield Stars batting - Pitching for St Charles Sheens : RHP Jesús Andrade
|
Batting: LHB Derek Davidson
|
0-0: SOLO HOME RUN (Flyball, 9LD), Distance : 339 ft
|
Batting: LHB Elliott Newell
|
0-0: Called Strike 0-1: Ball 1-1: Foul Ball, location: 2F 1-2: Ball 2-2: DOUBLE (Line Drive, 78S)
|
Batting: RHB Norberto Taváres
|
0-0: Ball 1-0: Ball 2-0: Ball 3-0: Called Strike 3-1: Swinging Strike 3-2: Base on Balls
|
Batting: RHB Juan Carlos Rodríguez
|
0-0: Swinging Strike 0-1: Ball 1-1: Foul Ball, location: 2F 1-2: Ground out 5-3 (Groundball, 56S) Elliott Newell to third Norberto Taváres to second
|
Batting: LHB Will Hill
|
0-0: 3-RUN HOME RUN (Flyball, 9LD), Distance : 324 ft
|
Batting: RHB Gabriel Erwin
|
0-0: Reached via error on a dropped throw, E3
|
Pitching: RHP Francisco López
|
|
Batting: RHB Dave Henderson
|
0-0: Called Strike 0-1: Ball 1-1: Ball 2-1: Called Strike 2-2: Ball 3-2: Strikes out swinging Gabriel Erwin steals 2nd base Batter strikes out.
|
Batting: SHB António De La Cruz
|
0-0: Ball 1-0: Foul Ball, location: 2F 1-1: Foul Ball, location: 2F 1-2: Foul Ball, location: 2F 1-2: Ball 2-2: Ball 3-2: Foul Ball, location: 2F 3-2: Base on Balls
|
Batting: LHB Jesús Tobías
|
0-0: Ground out 4-3 (Groundball, 4)
|
Bottom of the 4th over - 4 runs, 3 hits, 1 error, 2 left on base; St Charles 1 - Springfield 6 |
TOP OF THE 5TH |
St Charles Sheens batting - Pitching for Springfield Stars : RHP Rien Middelkamp
|
Batting: RHB Sergio Pujols
|
0-0: Ball 1-0: Ball 2-0: Ball 3-0: Called Strike 3-1: Fly out, F9 (Line Drive, 9)
|
Batting: RHB Lúcio Alfaro
|
0-0: Called Strike 0-1: Foul Ball, location: 2F 0-2: Strikes out swinging
|
Batting: RHB Salvador Rodríguez
|
0-0: Swinging Strike 0-1: Called Strike 0-2: Foul Ball, location: 2F 0-2: Ball 1-2: Strikes out swinging
|
Top of the 5th over - 0 runs, 0 hits, 0 errors, 0 left on base; St Charles 1 - Springfield 6 |
BOTTOM OF THE 5TH |
Springfield Stars batting - Pitching for St Charles Sheens : RHP Francisco López
|
Batting: LHB Derek Davidson
|
0-0: Ball 1-0: Foul Ball, location: 2F 1-1: Foul Ball, location: 2F 1-2: Ground out 4-3 (Groundball, 4S)
|
Batting: LHB Elliott Newell
|
0-0: Ball 1-0: Foul Ball, location: 2F 1-1: Fly out, F8 (Flyball, 8LXD)
|
Batting: RHB Norberto Taváres
|
0-0: Ball 1-0: Ball 2-0: Called Strike 2-1: Ball 3-1: Swinging Strike 3-2: Strikes out looking
|
Bottom of the 5th over - 0 runs, 0 hits, 0 errors, 0 left on base; St Charles 1 - Springfield 6 |
TOP OF THE 6TH |
St Charles Sheens batting - Pitching for Springfield Stars : RHP Rien Middelkamp
|
Batting: RHB Miguel Palácios
|
0-0: Ball 1-0: Ground out 6-3 (Groundball, 6S)
|
Batting: RHB Jesús Hernández
|
0-0: Ball 1-0: Ball 2-0: Called Strike 2-1: SINGLE (Groundball, 6D)
|
Batting: RHB Ramón Molina
|
0-0: Ball 1-0: Ball 2-0: Foul Ball, location: 2F 2-1: Swinging Strike 2-2: Ball 3-2: Foul Ball, location: 2F 3-2: Foul Ball, location: 2F 3-2: Grounds into double play, 6-4-3 (Groundball, 6M)
|
Top of the 6th over - 0 runs, 1 hit, 0 errors, 0 left on base; St Charles 1 - Springfield 6 |
BOTTOM OF THE 6TH |
Springfield Stars batting - Pitching for St Charles Sheens : RHP Francisco López
|
Batting: RHB Juan Carlos Rodríguez
|
0-0: Fly out, F3 (Popup, 3SF)
|
Batting: LHB Will Hill
|
0-0: Foul Ball, location: 2F 0-1: Foul Ball, location: 2F 0-2: Foul Ball, location: 2F 0-2: Ball 1-2: Hit by Pitch
|
Pinch Runner at 1st Felipe Guerrero:
|
|
Batting: RHB Gabriel Erwin
|
0-0: Ball 1-0: Called Strike 1-1: Called Strike 1-2: Grounds into double play, 5-4-3 (Groundball, 56)
|
Bottom of the 6th over - 0 runs, 0 hits, 0 errors, 0 left on base; St Charles 1 - Springfield 6 |
TOP OF THE 7TH |
St Charles Sheens batting - Pitching for Springfield Stars : RHP Rien Middelkamp
|
Now in LF: Felipe Guerrero
|
|
Batting: RHB Shawn Gutiérrez
|
0-0: Foul Ball, location: 2F 0-1: SINGLE (Groundball, 56D)
|
Batting: LHB Juan Jose Rojas
|
0-0: Swinging Strike 0-1: Swinging Strike 0-2: Ball 1-2: Foul Ball, location: 2F 1-2: Fly out, F7 (Flyball, 7LSF)
|
Pitching: LHP John Livingston
|
|
Batting: RHB Víctor Arredondo
|
0-0: Ball 1-0: Called Strike 1-1: Ball 2-1: Grounds into double play, 1-6-3 (Groundball, P)
|
Top of the 7th over - 0 runs, 1 hit, 0 errors, 0 left on base; St Charles 1 - Springfield 6 |
BOTTOM OF THE 7TH |
Springfield Stars batting - Pitching for St Charles Sheens : RHP Francisco López
|
Batting: RHB Dave Henderson
|
0-0: Ground out 5-3 (Groundball, 56S)
|
Batting: SHB António De La Cruz
|
0-0: Called Strike 0-1: Foul Ball, location: 2F 0-2: Strikes out swinging
|
Batting: LHB Jesús Tobías
|
0-0: Called Strike 0-1: Fly out, F7 (Flyball, 7S)
|
Bottom of the 7th over - 0 runs, 0 hits, 0 errors, 0 left on base; St Charles 1 - Springfield 6 |
TOP OF THE 8TH |
St Charles Sheens batting - Pitching for Springfield Stars : LHP John Livingston
|
Batting: RHB Sergio Pujols
|
0-0: Ball 1-0: Ball 2-0: Ball 3-0: Base on Balls
|
Batting: RHB Lúcio Alfaro
|
0-0: Ball 1-0: Ball 2-0: Called Strike 2-1: SINGLE (Groundball, 4MD) Sergio Pujols to second Runner from 2nd tries for 3rd, SAFE, no throw
|
Batting: RHB Salvador Rodríguez
|
0-0: Swinging Strike 0-1: Swinging Strike 0-2: Strikes out swinging
|
Batting: RHB Miguel Palácios
|
0-0: Foul Ball, location: 2F 0-1: Ball 1-1: Grounds into double play, 6-4-3 (Groundball, 6)
|
Top of the 8th over - 0 runs, 1 hit, 0 errors, 1 left on base; St Charles 1 - Springfield 6 |
BOTTOM OF THE 8TH |
Springfield Stars batting - Pitching for St Charles Sheens : RHP Francisco López
|
Batting: LHB Derek Davidson
|
0-0: Called Strike 0-1: Swinging Strike 0-2: Ball 1-2: Foul Ball, location: 2F 1-2: Strikes out looking
|
Batting: LHB Elliott Newell
|
0-0: Ball 1-0: Ball 2-0: Ball 3-0: Base on Balls
|
Batting: RHB Norberto Taváres
|
0-0: Ball 1-0: Ball 2-0: Ball 3-0: Base on Balls Elliott Newell to second
|
Pitching: RHP Ricardo Montero
|
|
Batting: RHB Juan Carlos Rodríguez
|
0-0: Called Strike 0-1: Ball 1-1: Fly out, F7 (Flyball, 7)
|
Batting: LHB Felipe Guerrero
|
0-0: Ball 1-0: Ball 2-0: Foul Ball, location: 2F 2-1: Foul Ball, location: 2F 2-2: Foul Ball, location: 2F 2-2: Ball 3-2: Foul Ball, location: 2F 3-2: Base on Balls Elliott Newell to third Norberto Taváres to second
|
Batting: RHB Gabriel Erwin
|
0-0: Ball 1-0: Foul Ball, location: 2F 1-1: Foul Ball, location: 2F 1-2: Foul Ball, location: 2F 1-2: Ball 2-2: Strikes out swinging
|
Bottom of the 8th over - 0 runs, 0 hits, 0 errors, 3 left on base; St Charles 1 - Springfield 6 |
TOP OF THE 9TH |
St Charles Sheens batting - Pitching for Springfield Stars : LHP John Livingston
|
Batting: RHB Jesús Hernández
|
0-0: Ball 1-0: Swinging Strike 1-1: Ball 2-1: Ball 3-1: SINGLE (Groundball, 6MD)
|
Batting: RHB Ramón Molina
|
0-0: Ball 1-0: Ball 2-0: Foul Ball, location: 2F 2-1: Single, Error in OF, E9, batter to second base Jesús Hernández to third
|
Batting: RHB Shawn Gutiérrez
|
0-0: Called Strike 0-1: Ball 1-1: Swinging Strike 1-2: Foul Ball, location: 2F 1-2: Ball 2-2: Foul Ball, location: 2F 2-2: Ground out 5-3 (Groundball, 56S) Jesús Hernández scores Ramón Molina to third
|
Batting: LHB Juan Jose Rojas
|
0-0: Ball 1-0: Foul Ball, location: 2F 1-1: Ball 2-1: Ball 3-1: Called Strike 3-2: Fly out, F8 (Flyball, 8LS) Runner from 3rd tags up, SCORES, no throw
|
Batting: RHB Víctor Arredondo
|
0-0: Called Strike 0-1: Swinging Strike 0-2: Fly out, F8 (Flyball, 8LM)
|
Top of the 9th over - 2 runs, 2 hits, 1 error, 0 left on base; St Charles 3 - Springfield 6 |
|